| TOP OF THE 1ST |
|
Arizona State University Sun Devils batting - Pitching for University of Florida Gators : RHP Jordan Williams
|
|
Pitching: RHP Jordan Williams
|
|
|
Batting: LHB Eric Russell
|
0-0: Ground out 6-3 (Groundball, 56D, EV 100.0 MPH)
|
|
Batting: RHB Rusty Gee
|
0-0: Ball 1-0: Called Strike 1-1: Ball 2-1: Foul Ball, location: 2F 2-2: Foul Ball, location: 2F 2-2: Ball 3-2: Fly out, F7 (Flyball, 7LS, EV 78.1 MPH)
|
|
Batting: LHB Randy Marquez
|
0-0: Ball 1-0: Called Strike 1-1: Called Strike 1-2: Ground out 5-3 (Groundball, 5, EV 101.2 MPH)
|
| Top of the 1st over - 0 runs, 0 hits, 0 errors, 0 left on base; Arizona State University 0 - University of Florida 0 |
| BOTTOM OF THE 1ST |
|
University of Florida Gators batting - Pitching for Arizona State University Sun Devils : RHP Luis Escajeda
|
|
Pitching: RHP Luis Escajeda
|
|
|
Batting: RHB Marco Morales
|
0-0: Ball 1-0: Called Strike 1-1: Fly out, F8 (Flyball, 8RD, EV 83.8 MPH)
|
|
Batting: RHB Gong-sun Law
|
0-0: Called Strike 0-1: Ball 1-1: Ball 2-1: Ball 3-1: Called Strike 3-2: SINGLE (Groundball, 6D, EV 102.5 MPH)
|
|
Batting: SHB Nelson Carachure
|
0-0: Swinging Strike 0-1: Foul Ball, location: 2F 0-2: Strikes out looking
|
|
Batting: RHB Luis Cabera
|
0-0: Fly out, F9 (Line Drive, 9, EV 85.6 MPH)
|
| Bottom of the 1st over - 0 runs, 1 hit, 0 errors, 1 left on base; Arizona State University 0 - University of Florida 0 |
| TOP OF THE 2ND |
|
Arizona State University Sun Devils batting - Pitching for University of Florida Gators : RHP Jordan Williams
|
|
Batting: SHB Manny Aponte
|
0-0: Called Strike 0-1: Ball 1-1: Called Strike 1-2: Foul Ball, location: 2F 1-2: Strikes out swinging
|
|
Batting: LHB Burraga Iukini
|
0-0: Foul Ball, location: 2F 0-1: Ball 1-1: Foul Ball, location: 2F 1-2: Ground out 4-3 (Groundball, 34, EV 103.8 MPH)
|
|
Batting: RHB Brent Wiley
|
0-0: Ball 1-0: Ground out 5-3 (Groundball, 56, EV 90.6 MPH)
|
| Top of the 2nd over - 0 runs, 0 hits, 0 errors, 0 left on base; Arizona State University 0 - University of Florida 0 |
| BOTTOM OF THE 2ND |
|
University of Florida Gators batting - Pitching for Arizona State University Sun Devils : RHP Luis Escajeda
|
|
Batting: RHB Danny Cisneros
|
0-0: Called Strike 0-1: Ball 1-1: SOLO HOME RUN (Flyball, 7D, EV 100.0 MPH), Distance : 389 ft
|
|
Batting: SHB Pat Justice
|
0-0: Called Strike 0-1: Ball 1-1: TRIPLE (Line Drive, 9LM, EV 106.9 MPH)
|
|
Batting: LHB Dave Newsome
|
0-0: Ball 1-0: Called Strike 1-1: Called Strike 1-2: Strikes out swinging
|
|
Batting: RHB Juan Lopez
|
0-0: Called Strike 0-1: Ball 1-1: Foul Ball, location: 2F 1-2: Foul Ball, location: 2F 1-2: Ground out 4-3 (Groundball, 4, EV 83.1 MPH) Pat Justice scores
|
|
Batting: LHB Juan Cadavid
|
0-0: Ball 1-0: Ball 2-0: Ball 3-0: Called Strike 3-1: SINGLE (Groundball, 56D, EV 109.4 MPH)
|
|
Batting: RHB Marco Morales
|
0-0: Ball 1-0: Ball 2-0: Ball 3-0: Base on Balls Juan Cadavid to second
|
|
Batting: RHB Gong-sun Law
|
0-0: Foul Ball, location: 2F 0-1: Ball 1-1: Called Strike 1-2: Fly out, F9 (Flyball, 9S, EV 88.8 MPH)
|
| Bottom of the 2nd over - 2 runs, 3 hits, 0 errors, 2 left on base; Arizona State University 0 - University of Florida 2 |
| TOP OF THE 3RD |
|
Arizona State University Sun Devils batting - Pitching for University of Florida Gators : RHP Jordan Williams
|
|
Batting: RHB Carl Evans
|
0-0: Ball 1-0: Ground out 6-3 (Groundball, 6, EV 80.6 MPH)
|
|
Batting: RHB Stephen Wheeler
|
0-0: Called Strike 0-1: Ball 1-1: Foul Ball, location: 2F 1-2: Ball 2-2: Ball 3-2: Foul Ball, location: 2F 3-2: Foul Ball, location: 2F 3-2: Ground out 5-3 (Groundball, 56S, EV 89.4 MPH)
|
|
Batting: LHB Timon Giorgiou
|
0-0: Called Strike 0-1: Ball 1-1: Called Strike 1-2: Foul Ball, location: 2F 1-2: Foul Ball, location: 2F 1-2: Ball 2-2: Ball 3-2: Foul Ball, location: 2F 3-2: Foul Ball, location: 2F 3-2: Fly out, F9 (Line Drive, 9LM, EV 91.2 MPH)
|
| Top of the 3rd over - 0 runs, 0 hits, 0 errors, 0 left on base; Arizona State University 0 - University of Florida 2 |
| BOTTOM OF THE 3RD |
|
University of Florida Gators batting - Pitching for Arizona State University Sun Devils : RHP Luis Escajeda
|
|
Batting: SHB Nelson Carachure
|
0-0: Ball 1-0: Ball 2-0: Foul Ball, location: 2F 2-1: Ball 3-1: Swinging Strike 3-2: Foul Ball, location: 2F 3-2: Fly out, F6 (Popup, 6, EV 70.0 MPH)
|
|
Batting: RHB Luis Cabera
|
0-0: Foul Ball, location: 2F 0-1: Foul Ball, location: 2F 0-2: Ball 1-2: Ball 2-2: SINGLE (Groundball, 34D, EV 105.6 MPH)
|
|
Batting: RHB Danny Cisneros
|
0-0: Fly out, F9 (Flyball, 89M, EV 81.2 MPH)
|
|
Batting: SHB Pat Justice
|
0-0: Ground out 4-3 (Groundball, 4, EV 101.9 MPH)
|
| Bottom of the 3rd over - 0 runs, 1 hit, 0 errors, 1 left on base; Arizona State University 0 - University of Florida 2 |
| TOP OF THE 4TH |
|
Arizona State University Sun Devils batting - Pitching for University of Florida Gators : RHP Jordan Williams
|
|
Batting: LHB Eric Russell
|
0-0: Ball 1-0: Ground out 6-3 (Groundball, 6, EV 104.4 MPH)
|
|
Batting: RHB Rusty Gee
|
0-0: Ball 1-0: Foul Ball, location: 2F 1-1: Ball 2-1: Foul Ball, location: 2F 2-2: Ground out 6-3 (Groundball, 56, EV 84.4 MPH)
|
|
Batting: LHB Randy Marquez
|
0-0: Fly out, F4 (Line Drive, 4M, EV 73.1 MPH)
|
| Top of the 4th over - 0 runs, 0 hits, 0 errors, 0 left on base; Arizona State University 0 - University of Florida 2 |
| BOTTOM OF THE 4TH |
|
University of Florida Gators batting - Pitching for Arizona State University Sun Devils : RHP Luis Escajeda
|
|
Batting: LHB Dave Newsome
|
0-0: Ball 1-0: Ball 2-0: Swinging Strike 2-1: Foul Ball, location: 2F 2-2: Fly out, F7 (Flyball, 7D, EV 101.9 MPH)
|
|
Batting: RHB Juan Lopez
|
0-0: Foul Ball, location: 2F 0-1: Ball 1-1: Foul Ball, location: 2F 1-2: Ball 2-2: Ball 3-2: Foul Ball, location: 2F 3-2: Foul Ball, location: 2F 3-2: Strikes out swinging
|
|
Batting: LHB Juan Cadavid
|
0-0: Ball 1-0: Ground out U3 (Groundball, 34S, EV 85.6 MPH)
|
| Bottom of the 4th over - 0 runs, 0 hits, 0 errors, 0 left on base; Arizona State University 0 - University of Florida 2 |
| TOP OF THE 5TH |
|
Arizona State University Sun Devils batting - Pitching for University of Florida Gators : RHP Jordan Williams
|
|
Batting: SHB Manny Aponte
|
0-0: Ball 1-0: Ball 2-0: Ground out 4-3 (Groundball, 4D, EV 101.2 MPH)
|
|
Batting: LHB Burraga Iukini
|
0-0: Ball 1-0: Swinging Strike 1-1: Swinging Strike 1-2: Ball 2-2: Ball 3-2: SINGLE (Flyball, 89S, EV 92.5 MPH)
|
|
Batting: RHB Brent Wiley
|
0-0: Ball 1-0: Called Strike 1-1: Ball 2-1: Foul Ball, location: 2F 2-2: Fly out, F8 (Flyball, 8RS, EV 86.9 MPH)
|
|
Batting: RHB Carl Evans
|
0-0: Called Strike Burraga Iukini is caught stealing 2nd base 2-4
|
| Top of the 5th over - 0 runs, 1 hit, 0 errors, 0 left on base; Arizona State University 0 - University of Florida 2 |
| BOTTOM OF THE 5TH |
|
University of Florida Gators batting - Pitching for Arizona State University Sun Devils : RHP Luis Escajeda
|
|
Batting: RHB Marco Morales
|
0-0: Ball 1-0: Ball 2-0: Ground out U3 (Groundball, 34, EV 101.2 MPH)
|
|
Batting: RHB Gong-sun Law
|
0-0: Ball 1-0: Ball 2-0: Called Strike 2-1: Ball 3-1: Base on Balls
|
|
Pitching: LHP Jeremiah Brown
|
|
|
Batting: SHB Nelson Carachure
|
0-0: Called Strike 0-1: Foul Ball, location: 2F 0-2: Strikes out swinging
|
|
Batting: RHB Luis Cabera
|
0-0: Ball 1-0: Foul Ball, location: 2F 1-1: Ball 2-1: Ball 3-1: Base on Balls Gong-sun Law to second
|
|
Batting: RHB Danny Cisneros
|
0-0: Called Strike 0-1: Foul Ball, location: 2F 0-2: Fly out, F8 (Flyball, 8RD, EV 103.1 MPH)
|
| Bottom of the 5th over - 0 runs, 0 hits, 0 errors, 2 left on base; Arizona State University 0 - University of Florida 2 |
| TOP OF THE 6TH |
|
Arizona State University Sun Devils batting - Pitching for University of Florida Gators : RHP Jordan Williams
|
|
Batting: RHB Carl Evans
|
0-0: Ball 1-0: Ball 2-0: Ball 3-0: Called Strike 3-1: Base on Balls
|
|
Batting: RHB Stephen Wheeler
|
0-0: Foul Ball, location: 2F 0-1: Foul Ball, location: 2F 0-2: Ball 1-2: Strikes out swinging
|
|
Pitching: RHP Elliot Gallagher
|
|
|
Batting: LHB Timon Giorgiou
|
0-0: Ball Carl Evans is caught stealing 2nd base 2-6 1-0: Ball 2-0: Foul Ball, location: 2F 2-1: Ground out U3 (Groundball, 3, EV 93.8 MPH)
|
| Top of the 6th over - 0 runs, 0 hits, 0 errors, 0 left on base; Arizona State University 0 - University of Florida 2 |
| BOTTOM OF THE 6TH |
|
University of Florida Gators batting - Pitching for Arizona State University Sun Devils : LHP Jeremiah Brown
|
|
Batting: SHB Pat Justice
|
0-0: Called Strike 0-1: Ground out 5-3 (Groundball, 56, EV 105.0 MPH)
|
|
Batting: LHB Dave Newsome
|
0-0: Called Strike 0-1: Called Strike 0-2: Ball 1-2: Ball 2-2: Ball 3-2: Base on Balls
|
|
Batting: RHB Juan Lopez
|
0-0: Ball 1-0: Grounds into double play, 4-6-3 (Groundball, 4S, EV 78.1 MPH)
|
| Bottom of the 6th over - 0 runs, 0 hits, 0 errors, 0 left on base; Arizona State University 0 - University of Florida 2 |
| TOP OF THE 7TH |
|
Arizona State University Sun Devils batting - Pitching for University of Florida Gators : RHP Elliot Gallagher
|
|
Batting: LHB Eric Russell
|
0-0: Ball 1-0: DOUBLE (Flyball, 8LD, EV 94.4 MPH)
|
|
Batting: RHB Rusty Gee
|
0-0: Called Strike 0-1: Foul Ball, location: 2F 0-2: Strikes out swinging
|
|
Pitching: LHP Alex Zepeda
|
|
|
Batting: LHB Randy Marquez
|
0-0: Ball 1-0: Ball Wild Pitch! Eric Russell to third 2-0: Ground out 5-3 (Groundball, 56, EV 95.6 MPH) Eric Russell scores
|
|
Batting: SHB Manny Aponte
|
0-0: Called Strike 0-1: Ball 1-1: Fly out, F7 (Flyball, 78M, EV 90.0 MPH)
|
| Top of the 7th over - 1 run, 1 hit, 0 errors, 0 left on base; Arizona State University 1 - University of Florida 2 |
| BOTTOM OF THE 7TH |
|
University of Florida Gators batting - Pitching for Arizona State University Sun Devils : LHP Jeremiah Brown
|
|
Batting: LHB Juan Cadavid
|
0-0: SINGLE (Groundball, 3D, EV 95.6 MPH)
|
|
Batting: RHB Marco Morales
|
0-0: Bunted foul 0-1: Bunt missed! 0-2: Fly out, F9 (Flyball, 89D, EV 78.8 MPH)
|
|
Batting: RHB Gong-sun Law
|
0-0: Ball 1-0: Ball 2-0: Called Strike 2-1: Called Strike 2-2: Foul Ball, location: 2F 2-2: Fly out, F7 (Flyball, 7LS, EV 90.0 MPH)
|
|
Batting: SHB Nelson Carachure
|
0-0: Ball 1-0: Ground out 5-3 (Groundball, 5S, EV 72.5 MPH)
|
| Bottom of the 7th over - 0 runs, 1 hit, 0 errors, 1 left on base; Arizona State University 1 - University of Florida 2 |
| TOP OF THE 8TH |
|
Arizona State University Sun Devils batting - Pitching for University of Florida Gators : LHP Alex Zepeda
|
|
Pitching: RHP Carlos Figueroa
|
|
|
Batting: LHB Burraga Iukini
|
0-0: Ball 1-0: Swinging Strike 1-1: Foul Ball, location: 2F 1-2: Ball 2-2: Foul Ball, location: 2F 2-2: Foul Ball, location: 2F 2-2: Strikes out swinging
|
|
Batting: LHB Dustin Gill
|
0-0: Called Strike 0-1: Foul Ball, location: 2F 0-2: Ball 1-2: SINGLE (Groundball, 6M, EV 88.1 MPH) (infield hit)
|
|
Batting: RHB Carl Evans
|
0-0: Grounds into double play, 1-4-3 (Groundball, 15S, EV 68.1 MPH)
|
| Top of the 8th over - 0 runs, 1 hit, 0 errors, 0 left on base; Arizona State University 1 - University of Florida 2 |
| BOTTOM OF THE 8TH |
|
University of Florida Gators batting - Pitching for Arizona State University Sun Devils : LHP Jeremiah Brown
|
|
Pitching: LHP T.J. Conner
|
|
|
Batting: RHB Luis Cabera
|
0-0: Called Strike 0-1: Called Strike 0-2: Foul Ball, location: 2F 0-2: Ball 1-2: DOUBLE (Groundball, 3L, EV 108.1 MPH)
|
|
Batting: RHB Danny Cisneros
|
0-0: Intentional Walk
|
|
Batting: SHB Pat Justice
|
0-0: Sac Bunt to P - play at first, batter OUT! 1-4 Luis Cabera to third Danny Cisneros to second
|
|
Batting: LHB Dave Newsome
|
0-0: Ball 1-0: Ball 2-0: Ball 3-0: Called Strike 3-1: Called Strike 3-2: TRIPLE (Flyball, 9D, EV 108.8 MPH) Luis Cabera scores Danny Cisneros scores
|
|
Batting: RHB Juan Lopez
|
0-0: Ball 1-0: Ball 2-0: Ball 3-0: Base on Balls
|
|
Batting: LHB Juan Cadavid
|
0-0: Called Strike 0-1: Ball 1-1: Ball 2-1: Fly out, F7 (Flyball, 78S, EV 88.8 MPH)
|
|
Batting: RHB Marco Morales
|
0-0: Called Strike Pickoff Throw to First - Out! 1-3
|
| Bottom of the 8th over - 2 runs, 2 hits, 0 errors, 1 left on base; Arizona State University 1 - University of Florida 4 |
| TOP OF THE 9TH |
|
Arizona State University Sun Devils batting - Pitching for University of Florida Gators : RHP Carlos Figueroa
|
|
Pitching: LHP Michel Loiseau
|
|
|
Batting: RHB Stephen Wheeler
|
0-0: Called Strike 0-1: Ball 1-1: SINGLE (Groundball, 4MD, EV 111.2 MPH)
|
|
Pinch Hitting: RHB Jun-hyuk Leem
|
0-0: Ball 1-0: Ball 2-0: Foul Ball, location: 2F 2-1: Foul Ball, location: 2F 2-2: Foul Ball, location: 2F 2-2: Fly out, F9 (Flyball, 9D, EV 103.8 MPH)
|
|
Batting: LHB Eric Russell
|
0-0: Ball 1-0: Ball 2-0: Foul Ball, location: 2F 2-1: Swinging Strike 2-2: Fielders Choice at 2nd, 1-6 (Groundball, P, EV 66.2 MPH)
|
|
Batting: RHB Rusty Gee
|
0-0: Foul Ball, location: 2F 0-1: Foul Ball, location: 2F 0-2: Strikes out looking
|
| Top of the 9th over - 0 runs, 1 hit, 0 errors, 1 left on base; Arizona State University 1 - University of Florida 4 |
|